 Dungeon Crawl Stone Soup version 0.23.0-3-gf3c87f2df8 (webtiles) character file.

Game seed: 14887508776688007015

116 Brecoman the Conjurer (level 4, 0/37 HPs)
             Began as a Draconian Conjurer on Feb 20, 2019.
             Slain by Crazy Yiuf
             ... wielding a +3 quarterstaff of chaos
              (11 damage)
             ... on level 2 of the Dungeon on Feb 21, 2019.
             The game lasted 00:10:35 (3897 turns).

Brecoman the Conjurer (Draconian Conjurer)          Turns: 3897, Time: 00:10:35

Health: 0/37       AC:  5    Str: 10    XL:     4   Next: 70%
Magic:  7/8        EV: 12    Int: 17    God:
Gold:   104        SH:  0    Dex: 11    Spells: 5/9 levels left

rFire    . . .     SeeInvis .   (no weapon)
rCold    . . .     Gourm    .   (no shield)
rNeg     . . .     Faith    .   (armour unavailable)
rPois    .         Spirit   .   (helmet restricted)
rElec    .         Reflect  .   (no cloak)
rCorr    .         Harm     .   (no gloves)
MR       .....                  (no boots)
Stlth    ++........             (no amulet)
HPRegen  0.12/turn              e - ring of flight
MPRegen  0.11/turn              (no ring)

@: no status effects
A: unfitting armour, cold-blooded, AC +5
a: Evoke Flight


You were on level 2 of the Dungeon.
You were very hungry.

You visited 1 branch of the dungeon, and saw 2 of its levels.

You collected 104 gold pieces.

Inventory:

Jewellery
 a - an uncursed ring of magical power
 e - a ring of flight (left hand)
Scrolls
 c - 2 scrolls of enchant weapon {unknown}
 g - a scroll of identify {unknown}
 i - a scroll of teleportation {unknown}
Potions
 d - 2 potions of degeneration {unknown}
 f - a potion of curing {unknown}
 h - 3 potions of brilliance {unknown}
Comestibles
 b - 7 rations


   Skills:
 + Level 2.5 Fighting
 - Level 1.7 Dodging
 - Level 1.7 Stealth
 + Level 3.0 Spellcasting
 + Level 4.8 Conjurations


You had 5 spell levels left.
You knew the following spells:

 Your Spells              Type           Power        Failure   Level  Hunger
a - Magic Dart            Conj           ###.         2%          1    None
b - Dazzling Spray        Conj/Hex       ##....       19%         3    ###....

Your spell library contained the following spells:

 Spells                   Type           Power        Failure   Level  Hunger
 Searing Ray              Conj           ###...       3%          2    ##.....
 Iskenderun's Mystic Bla  Conj           ###.....     24%         4    ####...
 Force Lance              Conj/Tloc      ##......     54%         4    ####...
 Fulminant Prism          Conj/Hex       ##........   54%         4    ####...


Dungeon Overview and Level Annotations

Branches:
Dungeon (2/15)

Altars:
Wu Jian

Annotations:
D:2 Crazy Yiuf


Innate Abilities, Weirdness & Mutations

Your plain brown scales are hard. (AC +5)
You cannot fit into any form of body armour.
You are cold-blooded and may be slowed by cold attacks.


Message History

You are feeling very hungry.
You start resting.
HP restored.
You climb downwards.
Level annotation: Crazy Yiuf Crazy Yiuf closely misses you.
Crazy Yiuf yells, "Castle unthinkable seventy!"
Crazy Yiuf hits you with a +3 quarterstaff of chaos!
There is a stone staircase leading up, spattered with blood here.
Casting: Dazzling Spray (safe; 19% risk of failure)
Confirm with . or Enter, or press ? or * to list all spells.
Aiming: Magic Dart (safe; 2% risk of failure)
Press: ? - help, Shift-Dir - straight line, f - Crazy Yiuf
Aim: Crazy Yiuf, wielding a +3 quarterstaff of chaos and wearing a +0 cloak The magic dart hits Crazy Yiuf.
Crazy Yiuf is lightly wounded.
Crazy Yiuf hits you with a +3 quarterstaff of chaos!
* * * LOW HITPOINT WARNING * * *
Space warps horribly around you!
You die...

#............##.# #.._..
##.#.......#.##.# #.#...
#.#.#######.##.####.#...
#.#.#######...........##
#...........##.####.#.#
#...#######.......#)#(##
#.......# #.........<...
##..###g# #.....[.#...##
#..# #@# #...........#
#..# #.# #...[.###..##
#..###.###.....#)#..###
#...##.........###.....
#...######.##.......##.
#...# #........#.###
#.).# #.##.##..#.###
#.#.# #.##.##.......
#.#.# #.##.......###


You could see Crazy Yiuf.

Vanquished Creatures
  A hound skeleton (D:2)
  An adder (D:2)
  5 gnolls
  2 oozes
  A worm (D:1)
  A leopard gecko (D:2)
  2 bats
  2 giant cockroaches (D:2)
  5 goblins
  5 hobgoblins
  A frilled lizard (D:1)
  2 kobolds (D:2)
  8 rats
36 creatures vanquished.

Notes
Turn   | Place    | Note
-------+----------+-------------------------------------------
     0 | D:1      | Brecoman the Draconian Conjurer began the quest for the
                  | Orb.
     0 | D:1      | Reached XP level 1. HP: 14/14 MP: 3/3
   383 | D:1      | Reached XP level 2. HP: 22/22 MP: 1/5
   483 | D:1      | Reached skill level 1 in Fighting
  1133 | D:2      | Found an ornate altar of the Wu Jian Council.
  1146 | D:2      | Reached XP level 3. HP: 22/28 MP: 0/6
  1212 | D:2      | Learned a level 3 spell: Dazzling Spray
  2039 | D:2      | Reached XP level 4. HP: 13/36 MP: 1/8
  3472 | D:2      | Found a runed translucent door.
  3473 | D:2      | Noticed Crazy Yiuf
  3897 | D:2      | Slain by Crazy Yiuf

Skill      XL: |  1  2  3  4 |
---------------+-------------+-----
Fighting       | 1 2 |  2.5
Spellcasting   | 3 |  3.0
Dodging        | |  1.7
Stealth        | |  1.7
Conjurations   | |  4.8

Action                   |  1- 3 |  4- 6 || total
-------------------------+-------+-------++-------
Melee: Unarmed           |    38 |    10 ||    48
       Tailslap          |     4 |     1 ||     5
 Cast: Magic Dart        |    70 |    72 ||   142
       Dazzling Spray    |       |     2 ||     2
 Abil: Evoke Flight      |       |     1 ||     1
  Eat: Chunk             |     4 |     5 ||     9
Armor: Skin              |    17 |     8 ||    25
Dodge: Dodged            |    47 |    25 ||    72
